 Dungeon Crawl Stone Soup version 0.30-a0-341-g682706514a (webtiles) character file.

Game seed: 6689330307165515768

214 porpoise the Magician (level 6, -1/47 HPs)
             Began as a Djinni Fire Elementalist on Nov 4, 2022.
             Slain by a wight
             ... wielding a +4 falchion
              (11 damage)
             ... on level 3 of the Dungeon.
             The game lasted 00:12:21 (2469 turns).

porpoise the Magician (Djinni Fire Elementalist)    Turns: 2469, Time: 00:12:22

Health: -1/47      AC:  3    Str:  7    XL:     6   Next: 15%
Gold:   40         EV: 12    Int: 18    God:
                   SH:  0    Dex: 14

rFire   + + .      SeeInvis .    a - +0 dagger (venom)
rCold   x . .      Faith    .    (no shield)
rNeg    . . .      Spirit   .    x - +0 robe
rPois   ∞          Reflect  .    n - +0 helmet
rElec   .          Harm     .    (no cloak)
rCorr   +          Rampage  .    (no gloves)
Will    .....                    (boots unavailable)
Stlth   ++........               (no amulet)
HPRegen 0.27/turn                j - ring of resist corrosion
MPRegen 0.00/turn                (no ring)

@: flying
A: sickness immunity, fire resistance 2, cold vulnerability 1, float, innate
caster, HP casting, extra vitality 1
a: no special abilities


You were on level 3 of the Dungeon.
You visited 1 branch of the dungeon, and saw 3 of its levels.

You collected 160 gold pieces.
You spent 120 gold pieces at shops.

Inventory:

Hand Weapons
 a - a +0 dagger of venom (weapon)
 b - a +0 sling
 u - a +3 short sword
 w - a +0 dagger of draining
Missiles
 k - 4 javelins
Armour
 n - a +0 helmet (worn)
 s - an orb of mayhem
 x - a +0 robe (worn)
Magical Staves
 t - a staff of death
 A - a staff of poison
Jewellery
 j - a ring of resist corrosion (left hand)
Scrolls
 c - 5 scrolls of identify {unknown}
 d - 2 scrolls of immolation {unknown}
 g - a scroll of amnesia {unknown}
 h - 2 scrolls of fog {unknown}
 i - 2 scrolls of enchant armour {unknown}
 m - a scroll of silence {unknown}
 o - a scroll of torment {unknown}
 q - a scroll of noise {unknown}
 v - 2 scrolls of teleportation {unknown}
 y - a scroll of acquirement {unknown}
Potions
 e - a potion of haste {unknown}
 f - a potion of invisibility {unknown}
 l - a potion of brilliance {unknown}
 p - a potion of mutation {unknown}
 r - 2 potions of curing {unknown}
 z - a potion of might {unknown}


   Skills:
 + Level 3.7 Fighting
 - Level 2.1 Dodging
 - Level 1.5 Stealth
 + Level 3.9 Spellcasting


You couldn't memorise any spells.
You knew the following spells:

 Your Spells              Type           Power      Damage    Failure   Level
a - Foxfire               Conj/Fire      68%        2x1d7     3%          1
b - Scorch                Fire           34%        2d7       4%          2
c - Kindle Blastsparks    Fire/Tloc/Air  34%        2d12      9%          3
d - Inner Flame           Hex/Fire       17%        N/A       9%          3
e - Flame Wave            Conj/Fire      17%        2d7       30%         4
f - Beastly Appendage     Tmut           34%        N/A       3%          1
g - Static Discharge      Conj/Air       34%        2-4/arc   4%          2
Your spell library was empty.

Dungeon Overview and Level Annotations

Branches:
Dungeon (3/15)

Altars:

Shops:
D:3 *


Innate Abilities, Weirdness & Mutations

You are immune to sickness and miasma.
You are immune to poison.
Your flesh is very heat resistant. (rF++)
You are vulnerable to cold. (rC-)
You float through the air rather than walking.
You learn spells naturally, not from books.
Your magical power is your life essence.
You have superior vitality. (+4 MHP)


Message History

Your foxfire dissipates!
The kobold hits you with a +0 short sword.
The kobold attacks as you move away!
The kobold hits you with a +0 short sword.
The wight is no longer more vulnerable to fire.
The kobold throws a stone.
The stone hits you but does no damage.
Casting: Foxfire (safe; 3% risk of failure)
Confirm with . or Enter, or press ? or * to list all spells.
You conjure some foxfire!
The foxfire hits the kobold.
You kill the kobold!
Casting: Foxfire (safe; 3% risk of failure)
Confirm with . or Enter, or press ? or * to list all spells.
You conjure some foxfire!
The foxfire hits the wight but does no damage.
The wight is moderately damaged.
The foxfire hits the wight.
The wight is heavily damaged.
Casting: Foxfire (safe; 3% risk of failure)
Confirm with . or Enter, or press ? or * to list all spells.
Flames lash the wight.
The wight is severely damaged.
The wight's fire resistance burns away.
The foxfire hits the wight!
The wight is burned terribly!
You destroy the wight!
You have reached level 6!
Unknown command.
Casting: Scorch (safe; 4% risk of failure)
Confirm with . or Enter, or press ? or * to list all spells.
Flames lash the wight.
The wight is heavily damaged.
The wight's fire resistance burns away.
The wight hits you with a +4 falchion!
* * * LOW HITPOINT WARNING * * *
Unknown command.
There is an entrance to Avoruust's Assorted Antiques here.
The wight attacks as you move away! The wight hits you with a +4 falchion.
* * * LOW HITPOINT WARNING * * *
The wight is no longer more vulnerable to fire.
There is an escape hatch in the ceiling here.
The wight hits you with a +4 falchion!
You die...

♣.# ## ♣..## .### ..
#z..# ..# #. #)#.#
..# # #. .z #.#
..##.# ##. ## #.###
#..#.### #.( #...#
####......######..
#.###z#
###.................
#.# #z####zz@.....#
#####... #.#
#..##.∩.###.###
##.#. #.# ##.#....#
#.## ##....
#.####.)...## #..#
#####...##
#.##>...#### ##.#
#.....### #.##.####
####.###P###.#
###....#
#..†....~P~..####
##....###
#..##.##P~~~~PP~..
#..#.## #...
##...~~♣~♣♣~~.#


You could see 2 wights.

Vanquished Creatures
  2 wights (D:3)
  Robin (D:2)
  4 adders
  4 dart slugs
  An orc (D:2)
  3 bats (D:1)
  2 endoplasms
  3 giant cockroaches
  3 hobgoblins (D:1)
  3 jackals (D:2)
  6 quokkas
  4 ball pythons
  3 frilled lizards
  9 goblins
  4 kobolds
  4 rats
56 creatures vanquished.

Vanquished Creatures (collateral kills)
  A foxfire (D:3)
1 creature vanquished.

Vanquished Creatures (others)
  144 foxfires
  18 plants
162 creatures vanquished.

Grand Total: 219 creatures vanquished

Notes
Turn   | Place    | Note
-------+----------+-------------------------------------------
     0 | D:1      | porpoise the Djinni Fire Elementalist began the quest for
                  | the Orb.
     0 | D:1      | porpoise set off with the following spells memorised:
                  | Foxfire, Scorch, Kindle Blastsparks, Inner Flame, Flame
                  | Wave.
     0 | D:1      | Reached XP level 1. HP: 15/15 MP: 0/0
   122 | D:1      | Reached skill level 1 in Fighting
   122 | D:1      | Reached XP level 2. HP: 20/22 MP: 0/0
   526 | D:1      | Reached XP level 3. HP: 21/27 MP: 0/0
   526 | D:1      | Learned a level 1 spell: Beastly Appendage
  1142 | D:2      | Found a faded altar of an unknown god.
  1636 | D:2      | Reached XP level 4. HP: 32/33 MP: 0/0
  1786 | D:2      | Noticed Robin
  1791 | D:2      | Killed Robin
  2268 | D:3      | Reached XP level 5. HP: 37/40 MP: 0/0
  2268 | D:3      | Learned a level 2 spell: Static Discharge
  2284 | D:3      | Found Avoruust's Assorted Antiques.
  2292 | D:3      | Bought a scroll labelled TERRIPAVUO for 31 gold pieces
  2292 | D:3      | Bought a scroll labelled CIVVOH ADWY for 31 gold pieces
  2292 | D:3      | Bought a grey potion for 27 gold pieces
  2292 | D:3      | Bought a scroll labelled CITZIPTEFI for 31 gold pieces
  2464 | D:3      | Reached XP level 6. HP: 23/47 MP: 0/0
  2469 | D:3      | Slain by a wight

Illustrated notes

Levels and vault maps discovered:
D:1:      eino_arrival_water_star, layout_loops_corners, minmay_tall_x
D:2:      layout_basic, dreamdust_ecumenical_altar_grove, uniq_robin
D:3:      layout_rooms, serial_bayou, serial_bayou_pond_c, serial_bayou_shore_a,
          serial_bayou_crossing, serial_bayou_pond_d, serial_shops, shop,
          minmay_misc_feat_x, kennysheep_cross_bottleneck

Skill      XL: |  1  2  3  4  5 |
---------------+----------------+-----
Fighting       | 1 2 3 |  3.7
Spellcasting   | 3 |  3.9
Dodging        | |  2.1
Stealth        | |  1.5

Action                   |  1- 3 |  4- 6 || total
-------------------------+-------+-------++-------
Melee: Unarmed           |     1 |       ||     1
       Dagger            |     7 |     8 ||    15
 Cast: Foxfire           |    51 |    35 ||    86
       Scorch            |     1 |     6 ||     7
Armor: Robe              |     3 |     7 ||    10
Dodge: Dodged            |     8 |     9 ||    17

Table legend: (Time is in decaauts)
 A = Elapsed time spent in this place.
 B = Non-inter-level travel time spent in this place.
 C = Inter-level travel time spent in this place.
 D = Time resting spent in this place.
 E = Time spent auto-exploring this place.
 F = Levels seen in this place.
 G = Mean time per level.
                   A        B        C        D        E       F      G
               +--------+--------+--------+--------+--------+-----+--------+
         Total |   2467 |   2323 |    144 |    209 |   1672 |   3 |  822.3 |
       Dungeon |   2467 |   2323 |    144 |    209 |   1672 |   3 |  822.3 |
               +--------+--------+--------+--------+--------+-----+--------+

Top non-repeatable levels by time:
     D:2: 1076 daAuts
     D:1: 985 daAuts
     D:3: 404 daAuts
